 Dungeon Crawl Stone Soup version 0.21-a0-529-g8c7b3f5 (webtiles) character file.

39 slep the Chopper (level 3, 0/18 HPs)
             Began as a Vine Stalker Gladiator on Dec 11, 2017.
             Succumbed to an adder's poison
             ... on level 2 of the Dungeon.
             The game lasted 00:02:31 (871 turns).

slep the Chopper (Vine Stalker Gladiator)            Turns: 871, Time: 00:02:31

Health: 0/18       AC:  4    Str: 15 (16) XL:     3   Next: 47%
Magic:  4/4        EV: 13    Int:  7 (8)  God:
Gold:   43         SH:  0    Dex: 14 (16) Spells: 2/2 levels left

rFire    + . .     SeeInvis .   a - +0 war axe
rCold    + . .     Gourm    .   (no shield)
rNeg     . . .     Faith    .   b - +0 leather armour
rPois    +         Spirit   +   c - +0 helmet
rElec    +         Reflect  .   (no cloak)
rCorr    +         Harm     .   (no gloves)
MR       .....                  (no boots)
Stlth    +.........             (no amulet)
HPRegen  0.06/turn              (no ring)
MPRegen  0.09/turn              (no ring)

@: lethally poisoned (0 -> -4), resistant, flying
A: fangs 2, magic shield, antimagic bite, no potion heal 3, rot immunity
a: no special abilities


You were on level 2 of the Dungeon.
You were not hungry.

You visited 1 branch of the dungeon, and saw 2 of its levels.

You collected 43 gold pieces.

Inventory:

Hand Weapons
 a - a +0 war axe (weapon)
Missiles
 d - 3 throwing nets (quivered)
 g - 4 curare-tipped needles
Armour
 b - a +0 leather armour (worn)
 c - a +0 helmet (worn)
Scrolls
 i - a scroll of remove curse {unknown}
Comestibles
 f - a bread ration
 h - a royal jelly


   Skills:
 + Level 2.0 Fighting
 + Level 3.3 Axes
 + Level 1.9 Throwing
 + Level 0.3 Armour
 + Level 2.8 Dodging


You had 2 spell levels left.
You didn't know any spells.

Dungeon Overview and Level Annotations

Branches:
Dungeon (2/15)

Altars:


Innate Abilities, Weirdness & Mutations

You have extremely sharp teeth.
When hurt, damage is shared between your health and your magic reserves.
Your bite disrupts and absorbs the magic of your enemies.
Potions cannot restore your health.
You are immune to rotting.


Message History

* * * LOW HITPOINT WARNING * * *
You feel sick.
There is a lethal amount of poison in your body!
* * * LOW HITPOINT WARNING * * *
You feel sick.
You see here a leopard gecko corpse.
You see here an adder corpse.
* * * LOW HITPOINT WARNING * * *
You feel sick.
Found a puce potion.
Found 16 gold pieces.
You see here 20 stones.
* * * LOW HITPOINT WARNING * * *
You feel sick.
You see here 16 gold pieces.
You see here a fuming coppery potion.
e - a fuming coppery potion It was a potion of resistance.
You feel protected.
You die...

....) .# ### #[..#
.#.... #.#.# .#!.### #
#.#†#####...... #.
##.†.†.....#..#..
###..#.......#..(....#
.......<...#.........#
###........###(##.#..
#.#.....####@#
#.##.........# .
########### .


There were no monsters in sight!

Vanquished Creatures
  An adder (D:2)
  A leopard gecko (D:2)
  2 giant cockroaches (D:1)
  7 goblins (D:1)
  2 hobgoblins (D:1)
  5 kobolds (D:1)
  2 ball pythons
  4 bats
  A frilled lizard (D:1)
  3 rats (D:1)
28 creatures vanquished.

Notes
Turn   | Place    | Note
-------+----------+-------------------------------------------
     0 | D:1      | slep the Vine Stalker Gladiator began the quest for the Orb.
     0 | D:1      | Reached XP level 1. HP: 11/11 MP: 2/2
   368 | D:1      | Reached skill level 3 in Axes
   368 | D:1      | Reached XP level 2. HP: 15/15 MP: 3/3
   772 | D:1      | Reached XP level 3. HP: 14/18 MP: 4/4
   871 | D:2      | Succumbed to an adder's poison

Vault maps used:
D:1:      onia_arrival_pyramid
D:2:      grunt_dithmenos_smoke, uniq_robin

Skill      XL: |  1  2 |
---------------+-------+-----
Axes           | 3 |  3.3
Fighting       | 2 |  2.0
Throwing       | |  1.9
Armour         | |  0.3
Dodging        | |  2.8

Action                   || total
-------------------------++-------
Melee: War axe           ||    55
       Bite              ||    10
  Use: Potion            ||     3
Armor: Leather armour    ||    20
Dodge: Dodged            ||    49

Table legend:
 A = Spawn XP
 B = Non-spawn XP
 C = Spawn XP percentage of total XP
 D = Spawn monster count
 E = Non-spawn monster count
 F = Spawn count percentage of total count
 G = Total turns spent on level
                    A         B        C        D         E        F      G
               +---------+---------+-------+---------+---------+-------+---------
         Total |       0 |      57 |   0.0 |       0 |      28 |   0.0 |   871
               +---------+---------+-------+---------+---------+-------+---------
           D:1 |       0 |      38 |   0.0 |       0 |      24 |   0.0 |   838
           D:2 |       0 |      19 |   0.0 |       0 |       4 |   0.0 |    33
               +---------+---------+-------+---------+---------+-------+---------
